 Dungeon Crawl Stone Soup version 0.29.1-15-g9cfb28693d (webtiles) character file.

Game seed: 6086880730025470111

167 Calibrex the Trooper (level 5, -3/43 HPs)
             Began as a Demonspawn Monk on Mar 31, 2023.
             Was an Initiate of Yredelemnul.
             Succumbed to Blork the orc's poison
             ... on level 4 of the Dungeon.
             The game lasted 00:07:17 (2922 turns).

Calibrex the Trooper (Demonspawn Monk)              Turns: 2922, Time: 00:07:17

Health: -3/43      AC: 10    Str: 13    XL:     5   Next: 23%
Magic:  1/1        EV:  9    Int: 12    God:    Yredelemnul [......]
Gold:   224        SH:  0    Dex: 15    Spells: 4/4 levels left

rFire   . . .      SeeInvis .   f - +2 short sword (antimagic)
rCold   + . .      Faith    .   (no shield)
rNeg    . . .      Spirit   .   g - +0 scale mail
rPois   .          Reflect  .   (no helmet)
rElec   .          Harm     .   o - +1 cloak
rCorr   +          Rampage  .   u - +1 pair of gloves
Will    .....                   (no boots)
Stlth   +.........              (no amulet)
HPRegen 0.14/turn               h - ring of resist corrosion
MPRegen 0.07/turn               l - ring of protection from cold

@: lethally poisoned (-3 -> -47)
A: hooves 1, powered by death 1, spiny 1
a: Renounce Religion, Recall Undead Harvest


You were on level 4 of the Dungeon.
You worshipped Yredelemnul.
Yredelemnul was noncommittal.
You visited 1 branch of the dungeon, and saw 4 of its levels.

You collected 224 gold pieces.

Inventory:

Hand Weapons
 f - a +2 antimagic short sword (weapon)
 p - a +0 trident
 s - a +1 sling of flaming
Armour
 g - a +0 scale mail (worn)
 o - a +1 cloak (worn)
 u - a +1 pair of gloves (worn)
Jewellery
 h - a ring of resist corrosion (left hand)
 l - a ring of protection from cold (right hand)
Scrolls
 a - a scroll of identify {unknown}
 e - a scroll of enchant weapon {unknown}
 i - a scroll of poison {unknown}
 n - a scroll of amnesia {unknown}
 q - 3 scrolls of enchant armour {unknown}
 t - a scroll of teleportation {unknown}
 v - 2 scrolls of blinking {unknown}
 w - a scroll of torment {unknown}
 x - a scroll of immolation {unknown}
Potions
 b - 3 potions of curing
 c - a potion of ambrosia
 d - a potion of brilliance {unknown}
 j - a potion of mutation {unknown}
 k - 2 potions of attraction {unknown}
 m - a potion of haste {unknown}
 r - a potion of berserk rage {unknown}


   Skills:
 + Level 4.7 Fighting
 + Level 2.7 Short Blades
 - Level 3.0 Polearms
 - Level 2.6 Dodging
 - Level 1.7 Stealth


You had 4 spell levels left.
You didn't know any spells.
Your spell library contained the following spells:

 Spells                   Type           Power      Damage    Failure   Level
 Gell's Gravitas          Tloc           0%         N/A       99%         3
 Lesser Beckoning         Tloc           0%         N/A       99%         3
 Teleport Other           Tloc           0%         N/A       99%         3


Dungeon Overview and Level Annotations

Branches:
Dungeon (4/15)
 Temple: D:4-7

Altars:
Gozag
Makhleb
Sif Muna
Vehumet
Wu Jian
Yredelemnul

Annotations:
D:4 Blork the orc


Innate Abilities, Weirdness & Mutations

You have large cloven feet.
You regenerate a little health from kills.
You are partially covered in sharp spines.


Message History

The goblin shouts!
The hobgoblin shouts!
Blork the orc shouts!
There is an open door here.
Found an escape hatch in the ceiling.
Blork the orc casts a spell.
Blork the orc seems to speed up.
Blork the orc hits you from afar with a +2 halberd of venom.
You are poisoned.
A worm comes into view.
The goblin hits you but does no damage.
You hit the goblin. You kick the goblin.
You kill the goblin!
The dead are walking!
You feel very sick.
Blork the orc gestures at you while chanting.
The puff of flame hits you but does no damage.
Blork the orc barely misses you.
The hobgoblin closely misses your ball python zombie.
You feel sick.
Blork the orc hits you with a +2 halberd of venom!
You are lethally poisoned!
Your ball python zombie bites the hobgoblin but does no damage.
Your ball python zombie grabs the hobgoblin.
Your ball python zombie constricts the hobgoblin.
You hit the hobgoblin but do no damage.
You feel very sick. Blork the orc is struck by your spines.
Blork the orc hits you but does no damage.
You are more poisoned.
Your ball python zombie bites the hobgoblin.
Your ball python zombie constricts the hobgoblin.
Blork the orc is struck by your spines.
Blork the orc hits you with a +2 halberd of venom!
* * * LOW HITPOINT WARNING * * *
You are more poisoned.
The hobgoblin hits your ball python zombie.
You hit the hobgoblin. You kick the hobgoblin.
You kill the hobgoblin!
The dead are walking!
You die...
Your body rises from the dead as a mindless zombie.

.# .### ...#
...# .< .
..$#... ..
+#...#..#
...+###.o...###
....w..@)Z.....
.......ZZ8.....
..#.......(....
#####.....###
##.'#...#+
#...#...#
#<.##...# ####
....# ..#..#


You could see Blork the orc (fast, ally target), a worm, a friendly ball python
zombie, a friendly goblin zombie and a friendly hobgoblin zombie.

Vanquished Creatures
  A crimson imp (D:3)
  An adder (D:3)
  2 worms
  2 dart slugs
  7 orcs (D:3)
  6 ball pythons
  4 bats
  2 endoplasms (D:3)
  2 giant cockroaches
  10 goblins
  9 hobgoblins
  2 jackals (D:1)
  3 kobolds
  2 quokkas
  2 frilled lizards (D:1)
  5 rats
60 creatures vanquished.

Vanquished Creatures (collateral kills)
  Jessica (D:2)
  An adder (D:3)
  2 goblins (D:2)
  A kobold (D:2)
5 creatures vanquished.

Vanquished Creatures (others)
  A bat zombie (D:2)
  An endoplasm zombie (D:3)
2 creatures vanquished.

Grand Total: 67 creatures vanquished

Notes
Turn   | Place    | Note
-------+----------+-------------------------------------------
     0 | D:1      | Calibrex the Demonspawn Monk began the quest for the Orb.
     0 | D:1      | Reached XP level 1. HP: 18/18 MP: 1/1
   274 | D:1      | Gained mutation: You regenerate a little health from kills.
                  | [demonic ancestry]
   274 | D:1      | Reached XP level 2. HP: 24/24 MP: 2/2
  1349 | D:2      | Reached skill level 1 in Short Blades
  1349 | D:2      | Gained mutation: You are partially covered in sharp spines.
                  | [demonic ancestry]
  1349 | D:2      | Reached XP level 3. HP: 27/30 MP: 1/3
  1456 | D:2      | Found a faded altar of an unknown god.
  1467 | D:2      | Prayed at the altar of an unknown god.
  1467 | D:2      | Became a worshipper of Yredelemnul the Dark
  1467 | D:2      | Reached * piety under Yredelemnul
  1467 | D:2      | Reached ** piety under Yredelemnul
  1623 | D:2      | Reached *** piety under Yredelemnul
  1752 | D:2      | Noticed Jessica
  1760 | D:2      | Killed Jessica
  1761 | D:2      | Reached skill level 4 in Fighting
  1761 | D:2      | Reached XP level 4. HP: 20/37 MP: 1/4
  2118 | D:3      | Found an ornate altar of the Wu Jian Council.
  2447 | D:3      | Found a shimmering blue altar of Sif Muna.
  2450 | D:3      | Found an opulent altar of Gozag.
  2562 | D:3      | Found a burning altar of Makhleb.
  2563 | D:3      | Found a radiant altar of Vehumet.
  2575 | D:3      | Gained mutation: You have large cloven feet. [demonic
                  | ancestry]
  2575 | D:3      | Reached XP level 5. HP: 36/43 MP: 1/5
  2915 | D:4      | Noticed Blork the orc
  2922 | D:4      | Succumbed to Blork the orc's poison

Illustrated notes

Levels and vault maps discovered:
D:1:      onia_arrival_mini_maze, layout_loops_ring
D:2:      cheibrodos_greedy_goblins, layout_basic,
          hellmonk_ecumenical_altar_zigzags, uniq_jessica
D:3:      layout_basic, grunt_temple_overflow_lords_of_destruction,
          nicolae_wu_jian_wuxing_cycle, minitemple, kennysheep_generic_room_2
D:4:      layout_basic, grunt_ministairs_6, minmay_diced_spiral,
          uniq_blork_the_orc, uniq_grinder

Skill      XL: |  1  2  3  4 |
---------------+-------------+-----
Polearms       | 3 |  3.0
Short Blades   | 1 2 |  2.7
Fighting       | 4 |  4.7
Dodging        | |  2.6
Stealth        | |  1.7

Action                   |  1- 3 |  4- 6 || total
-------------------------+-------+-------++-------
Melee: Spear             |    30 |       ||    30
       Punch             |     1 |     1 ||     2
       Short sword       |    70 |    56 ||   126
       Kick              |       |     3 ||     3
 Stab: Sleeping          |     6 |       ||     6
Armor: Robe              |     1 |       ||     1
       Scale mail        |    33 |    20 ||    53
Dodge: Dodged            |    38 |    20 ||    58
